AoeStats
← Izan

Arena

509711615Analyzed
1v1 RM · 3d ago on Sep 27, 2026· 40m 44s· 2 players
Game mode
Random Map
Map size
Tiny (2 player)
Population
200
Speed
Normal
Resources
Standard
Victory
Conquest
Starting age
Dark Age
Ending age
Imperial Age
RankedLock teamsTeams togetherTeam positionsShared explorationLock speedFull tech treeHidden civsTurbo modeCheats
Victory
Defeat
🇨🇳 Burgundians · China
1104
+16
🇪🇸 Cumans · Spain
1107
-16
Echo
6:39 Double-Bit Axe
9:44 Feudal Age
13:16 Castle Age
11:25 Horse Collar
12:41 Bow Saw
14:03 Loom
22:44 Husbandry
25:35 Light Cavalry
27:36 Gold Mining
27:30 Cavalier
31:39 Heavy Plow
32:20 Wheelbarrow
32:50 Gold Shaft Mining
33:06 Scale Barding Armor
33:11 Forging
34:40 Chain Barding Armor
36:54 Guilds
37:28 Iron Casting
Izan
7:25 Loom
10:21 Feudal Age
13:22 Fletching
23:11 Bloodlines
26:19 Scale Barding Armor
33:28 Castle Age
31:36 Double-Bit Axe
32:15 Horse Collar
32:44 Gold Mining
34:58 Forging
36:53 Bow Saw
Connection lost

Rejoining the realm…

Still unreachable

The connection could not be restored.

Session expired

The server has moved on; the page needs a fresh start.